 Dungeon Crawl Stone Soup version 0.19-a0-1401-g902f63d (webtiles) character file.

618 Amnesiac the Reanimator (level 7, -2/36 HPs)
             Began as a Deep Elf Necromancer on Sept 5, 2016.
             Slain by an iguana (13 damage)
             ... on level 4 of the Dungeon.
             The game lasted 00:03:57 (1535 turns).

Amnesiac the Reanimator (Deep Elf Necromancer)      Turns: 1535, Time: 00:03:58

Health: -2/36      AC:  2    Str:  5    XL:     7   Next: 21%
Magic:  12/18      EV: 13    Int: 20    God:
Gold:   118        SH:  0    Dex: 17    Spells: 4 memorised, 8 levels left

rFire  . . .     SeeInvis .     g - +2 short sword (drain)
rCold  . . .     Gourm    .     a - +0 robe
rNeg   . . .     Faith    .     (no shield)
rPois  .         Spirit   .     (no helmet)
rElec  .         Dismiss  .     (no cloak)
rCorr  .         Reflect  .     (no gloves)
MR     .....     Harm     .     (no boots)
Stlth  ++........               (no amulet)
                                (no ring)
                                (no ring)

@: no status effects
A: no striking features
a: no special abilities


You were on level 4 of the Dungeon.
You were not hungry.

You visited 1 branch of the dungeon, and saw 4 of its levels.

You collected 118 gold pieces.

Inventory:

Hand Weapons
 g - a +2 short sword of draining (weapon)
 i - a +0 hand axe of venom
Armour
 a - a +0 robe (worn)
Scrolls
 e - a scroll of immolation {unknown}
 f - 2 scrolls of recharging {unknown}
 j - 2 scrolls of identify {unknown}
 l - a scroll of amnesia {unknown}
Potions
 d - a potion of degeneration {unknown}
 h - 2 potions of mutation {unknown}
Books
 b - a book of Necromancy

   Spells                             Type                      Level
   a - Pain                           Necromancy                   1
   b - Animate Skeleton               Necromancy                   1
   c - Vampiric Draining              Necromancy                   3
   d - Regeneration                   Charms/Necromancy            3
   e - Animate Dead                   Necromancy                   4
   f - Control Undead                 Necromancy                   4
Comestibles
 c - 2 bread rations
 k - a chunk of flesh


   Skills:
 + Level 2.9 Dodging
 - Level 2.4 Stealth
 - Level 6.5 Spellcasting
 - Level 9.0 Necromancy


You had 8 spell levels left.
You knew the following spells:

 Your Spells              Type           Power        Failure   Level  Hunger
a - Control Undead        Necr           #####.....   2%          4    ###....
f - Vampiric Draining     Necr           #####.....   1%          3    #......
r - Regeneration          Chrm/Necr      ###.......   6%          3    #......
z - Pain                  Necr           ####         1%          1    None


Dungeon Overview and Level Annotations

Branches:
Dungeon (4/15)
 Temple: D:4-7

Altars:
Okawaru


Message History

Press: ? - help, Shift-Dir - straight line, f - orc priest
Aim: an orc priest, wielding a flail The orc priest is severely wounded.
You feel life coursing into your body. The orc closely misses you.
The orc priest calls down the wrath of Beogh upon you.
Beogh smites you! The orc misses you.
Unknown command.
Casting: Vampiric Draining
Confirm with . or Enter, or press ? or * to list all spells.
Aiming: Vampiric Draining
Press: ? - help, Shift-Dir - straight line, f/p - orc priest
Aim: an orc priest, wielding a flail (severely wounded)
You kill the orc priest!
You feel life coursing into your body. The orc barely misses you.
Unknown command.
You open the door. The orc hits you with a flail!
The iguana closely misses you.
Unknown command.
The orc barely misses you. The iguana bites you!
You die...

.......#..............
.......#..............
......##......##..... .
#...##......##..... ..
#.................# #..
#.................# #...
#.!...............+ #....
#...##......##....#
+.....#o@.##########....#
#.....'ool....... #....#
#.....#.o.....).. #....#
#.... #..)....... #.....
#... #.......... ######
#.. #..>....... #.
#.......... # #..........
#...##.....


You could see an iguana and 4 orcs.

Vanquished Creatures
  Pikel (D:3)
  3 slaves (D:4)
  2 hounds (D:4)
  An orc priest (D:4)
  A hound skeleton (D:4)
  2 adders
  A giant gecko (D:1)
  A ball python (D:2)
  2 giant cockroaches (D:4)
  3 goblins
  A hobgoblin (D:2)
  4 jackals (D:1)
  A quokka (D:4)
  A bat (D:2)
  A giant newt (D:2)
  3 kobolds (D:2)
  3 rats
31 creatures vanquished.

Vanquished Creatures (others)
  A slave (D:4)
1 creature vanquished.

Grand Total: 32 creatures vanquished

Notes
Turn   | Place    | Note
-------+----------+-------------------------------------------
     0 | D:1      | Amnesiac the Deep Elf Necromancer began the quest for the Orb.
     0 | D:1      | Reached XP level 1. HP: 10/10 MP: 6/6
    56 | D:1      | Reached skill level 5 in Necromancy
    86 | D:1      | Reached XP level 2. HP: 5/15 MP: 0/8
   609 | D:2      | Reached XP level 3. HP: 13/19 MP: 8/10
   614 | D:2      | Learned a level 3 spell: Regeneration
   618 | D:2      | Learned a level 3 spell: Vampiric Draining
   743 | D:3      | Found an iron altar of Okawaru.
   973 | D:4      | Reached skill level 6 in Necromancy
   973 | D:4      | Reached XP level 4. HP: 16/24 MP: 12/12
  1057 | D:4      | Learned a level 4 spell: Control Undead
  1062 | D:4      | Noticed Pikel
  1063 | D:4      | Noticed a slave
  1081 | D:4      | Noticed a slave
  1082 | D:4      | Noticed a slave
  1132 | D:3      | Killed Pikel
  1132 | D:3      | Reached skill level 8 in Necromancy
  1132 | D:3      | Reached XP level 5. HP: 12/28 MP: 0/15
  1132 | D:3      | Reached XP level 6. HP: 14/32 MP: 0/17
  1132 | D:3      | Reached XP level 7. HP: 15/36 MP: 0/18
  1481 | D:4      | Reached skill level 9 in Necromancy
  1535 | D:4      | Slain by an iguana

Vault maps used:
D:1:      dpeg_arrival_signposts, minmay_misc_feat_room
D:2:      trog_book
D:3:      lemuel_crystal_altar, first_bread, tgw_kikubaaqudgha, uniq_grinder,
          uniq_sigmund
D:4:      kennysheep_little_box, uniq_pikel

Skill      XL: |  1  2  3  4  5  6  7 |
---------------+----------------------+-----
Necromancy     | 5 6 8 9 |  9.0
Spellcasting   | 4 6 |  6.5
Dodging        | |  2.9
Stealth        | |  2.4

Action                   |  1- 3 |  4- 6 |  7- 9 || total
-------------------------+-------+-------+-------++-------
Melee: Short sword       |    26 |     4 |    35 ||    65
 Cast: Pain              |    27 |       |       ||    27
       Regeneration      |     1 |       |     2 ||     3
       Vampiric Draining |       |     5 |    10 ||    15
 Stab: Distracted        |       |       |     1 ||     1
  Eat: Chunk             |       |     1 |     2 ||     3
Armor: Robe              |    11 |       |     5 ||    16
Dodge: Dodged            |    16 |     5 |    26 ||    47
